 Dungeon Crawl Stone Soup version 0.31-a0-232-gb1c03b2570 (webtiles) character file.

Game seed: 18356554689244445824

67 qw the Shooter (level 4, 0/26 HPs)
             Began as a Gargoyle Hexslinger on July 7, 2023.
             Slain by Pargi (4 damage)
             ... on level 3 of the Dungeon.
             The game lasted 00:00:42 (1986 turns).

qw the Shooter (Gargoyle Hexslinger)                Turns: 1986, Time: 00:00:43

Health: 0/26       AC: 12    Str: 11    XL:     4   Next: 16%
Magic:  5/5        EV: 10    Int: 14    God:
Gold:   63         SH:  0    Dex: 14    Spells: 4/5 levels left

rFire   . . .        Y - +1 sling
rCold   . . .        (no shield)
rNeg    + . .        j - +0 ring mail
rPois   inf          (no helmet)
rElec   +            (no cloak)
rCorr   .            (no gloves)
SInv    .            (no boots)
Will    .....        (no amulet)
Stlth   +            b - +4 ring of protection
HPRegen 0.24/turn    (no ring)
MPRegen 0.09/turn

%: no passive effects
@: no status effects
A: sickness immunity, AC +3, negative energy resistance 1, electricity
resistance, torment resistance 1, petrification resistance
a: no special abilities


You were on level 3 of the Dungeon.
You visited 1 branch of the dungeon, and saw 3 of its levels.

You collected 63 gold pieces.


Innate Abilities, Weirdness & Mutations

You are immune to sickness and miasma.
Your stone body is resilient. (AC +3)
You are immune to poison.
You resist negative energy. (rN+)
You are resistant to electric shocks. (rElec)
You are resistant to unholy torment.
You are immune to petrification.


   Skills:
 - Level 2.1 Fighting
 + Level 3.9 Ranged Weapons
 - Level 1.5 Dodging
 - Level 1.0 Spellcasting
 - Level 2.6 Hexes


You had 4 spell levels left.
You knew the following spells:

 Your Spells              Type           Power      Damage    Failure   Level
a - Slow                  Hex            32%        N/A       22%         1

Your spell library contained the following spells:

 Spells                   Type           Power      Damage    Failure   Level
 Inner Flame              Hex/Fire       4%         N/A       73%         3
 Portal Projectile        Hex/Tloc       8%         N/A       73%         3
 Cause Fear               Hex            4%         N/A       91%         4

Inventory:

Hand Weapons
 Y - a +1 sling (weapon)
Armour
 j - a +0 ring mail (worn)
Jewellery
 b - a +4 ring of protection (left hand)
Potions
 a - a potion of curing {unknown}

Dungeon Overview and Level Annotations

Branches:
Dungeon (3/15)

Altars:

Annotations:
D:3 Pargi


Message History

You shoot a sling bullet.
The sling bullet hits Pargi but does no damage.
Pargi is moderately wounded.
Pargi barely misses you. Pargi misses you. Pargi claws you. Pargi misses you.
Pargi claws you but does no damage. x2
You shoot a sling bullet.
The sling bullet hits Pargi but does no damage.
Pargi is lightly wounded.
Pargi bites you but does no damage. Pargi claws you. Pargi closely misses you.
You shoot a sling bullet. The sling bullet barely misses Pargi.
Pargi barely misses you. Pargi claws you but does no damage.
Pargi closely misses you.
You shoot a sling bullet. The sling bullet hits Pargi.
Pargi is lightly wounded.
Pargi bites you but does no damage. Pargi claws you but does no damage.
Pargi barely misses you. x3; Pargi claws you but does no damage.
You shoot a sling bullet. The sling bullet misses Pargi.
Pargi bites you but does no damage. Pargi closely misses you.
Pargi barely misses you.
You shoot a sling bullet. The sling bullet closely misses Pargi.
Pargi bites you but does no damage. Pargi closely misses you.
Pargi claws you but does no damage. Pargi bites you but does no damage.
Pargi claws you but does no damage. x2
You shoot a sling bullet.
The sling bullet hits Pargi but does no damage.
Pargi bites you but does no damage. Pargi barely misses you.
Pargi closely misses you.
You shoot a sling bullet. The sling bullet hits Pargi.
Pargi is lightly wounded.
Pargi clenches his claws.
Pargi bites you. Pargi claws you but does no damage. Pargi barely misses you.
You shoot a sling bullet. The sling bullet hits Pargi.
Pargi is moderately wounded.
Pargi barely misses you. Pargi claws you but does no damage. Pargi claws you.
Pargi barely misses you. Pargi claws you. Pargi claws you but does no damage.
You shoot a sling bullet.
The sling bullet hits Pargi but does no damage.
Pargi is moderately wounded.
Pargi bites you.
You die...

......#...........
....#.#.##........
#.....##.......#
#.............#
#.........# #.....##..#
#. #. ##...###..## ..
##..###.## #..[# #.
#....T@.# #.#.# #.
#..........##.#.#######.
..##.#####...........##.
# .........#...##.
#####.#.###...(.
#..#.#.#^### ###
#.##.... #. #.###
..#.####.# #


You could see Pargi.

Vanquished Creatures
  3 adders (D:2)
  A worm (D:2)
  4 ball pythons
  3 bats (D:2)
  2 endoplasms (D:1)
  A giant cockroach (D:1)
  3 goblins
  4 hobgoblins
  6 jackals
  2 kobolds (D:1)
  2 frilled lizards (D:2)
  2 rats
33 creatures vanquished.

Notes
Turn   | Place    | Note
-------+----------+-------------------------------------------
     0 | D:1      | qw the Gargoyle Hexslinger began the quest for the Orb.
     0 | D:1      | Reached XP level 1. HP: 12/12 MP: 2/2
     0 | D:1      | 0 ||| qw: Version: 0.3-a-46-gb1f654a
     0 | D:1      | 0 ||| qw: Game counter: 2164
     0 | D:1      | 0 ||| qw: Melee chars always use a shield: true
     0 | D:1      | 0 ||| qw: God list: Okawaru
     0 | D:1      | 0 ||| qw: Allow faded altars: false
     0 | D:1      | 0 ||| qw: Do Orc after clearing Dungeon:15 true
     0 | D:1      | 0 ||| qw: Do second Lair branch before Depths: true
     0 | D:1      | 0 ||| qw: Lair rune preference: random
     0 | D:1      | 0 ||| qw: Goals: Normal
     0 | D:1      | 0 ||| PLANNING D:1-11
   190 | D:1      | Reached XP level 2. HP: 16/16 MP: 3/3
   681 | D:1      | Reached skill level 3 in Ranged Weapons
  1015 | D:1      | 1015 ||| UPGRADING to +0 leather armour.
  1025 | D:1      | 1025 ||| DROPPING +0 robe.
  1026 | D:1      | 1026 ||| UPGRADING to +0 ring mail.
  1036 | D:1      | 1036 ||| DROPPING +0 leather armour.
  1037 | D:1      | 1037 ||| DROPPING ring of magical power.
  1038 | D:1      | 1038 ||| READING scroll labelled FEDYTU QIENT.
  1039 | D:1      | 1039 ||| READING 3 scrolls labelled COBALI FASONK.
  1040 | D:1      | 1040 ||| READING scroll labelled NYACVUMNUT.
  1141 | D:1      | 1141 ||| READING scroll labelled LECIMAD SEPELI.
  1144 | D:1      | 1144 ||| DROPPING scroll of poison.
  1145 | D:1      | 1145 ||| DROPPING 2 scrolls of fog.
  1198 | D:2      | Reached XP level 3. HP: 21/21 MP: 4/4
  1228 | D:2      | 1228 ||| FLEEEEING.
  1229 | D:2      | 1229 ||| FLEEEEING.
  1230 | D:2      | 1230 ||| FLEEEEING.
  1231 | D:2      | 1231 ||| FLEEEEING.
  1232 | D:2      | 1232 ||| FLEEEEING.
  1233 | D:2      | 1233 ||| FLEEEEING.
  1234 | D:2      | 1234 ||| FLEEEEING.
  1235 | D:2      | 1235 ||| FLEEEEING.
  1236 | D:2      | 1236 ||| FLEEEEING.
  1237 | D:2      | 1237 ||| FLEEEEING.
  1239 | D:2      | 1239 ||| STAIRDANCE
  1260 | D:2      | 1260 ||| STAIRDANCE
  1368 | D:2      | Reached XP level 4. HP: 23/26 MP: 5/5
  1590 | D:2      | Found a faded altar of an unknown god.
  1837 | D:2      | 1837 ||| UPGRADING to +4 ring of protection.
  1838 | D:2      | 1838 ||| DROPPING +6 ring of intelligence.
  1839 | D:2      | 1839 ||| READING scroll labelled FIPUIB WYGE.
  1959 | D:3      | Noticed Pargi
  1985 | D:3      | HP: 6/26 [Pargi (1)]
  1986 | D:3      | Slain by Pargi

Levels and vault maps discovered:
D:1:      psy_arrival_radial02, layout_basic, serial_park_tiny_2
D:2:      layout_loops_cross, ebering_ecumenical_altar_rust
D:3:      minmay_spotlight, layout_loops_ring, mainiacjoe_overflow_catwalk,
          general_overflow_altar, uniq_pargi

Skill      XL: |  1  2 |
---------------+-------+-----
Ranged Weapons | 3 |  3.9
Fighting       | 2 |  2.1
Dodging        | |  1.5
Spellcasting   | |  1.0
Hexes          | |  2.6

Action                     |  1- 3 |  4- 6 || total
---------------------------+-------+-------++-------
   Fire: Sling             |   115 |    54 ||   169
    Use: Scroll            |     4 |     1 ||     5
 Armour: Robe              |    12 |       ||    12
         Ring mail         |    43 |    47 ||    90
  Dodge: Dodged            |    72 |    42 ||   114

Table legend:
 A = Non-vault XP
 B = Vault XP
 C = Vault XP percentage of total XP
 D = Non-vault monster count
 E = Vault monster count
 F = Vault count percentage of total count
                 A         B        C        D         E       F
            +---------+---------+-------+---------+---------+-------
      Total |      95 |       1 |   1.0 |      32 |       1 |   3.0
            +---------+---------+-------+---------+---------+-------
        D:1 |      23 |       0 |   0.0 |      13 |       0 |   0.0
        D:2 |      66 |       0 |   0.0 |      16 |       0 |   0.0
        D:3 |       6 |       1 |  14.3 |       3 |       1 |  25.0
            +---------+---------+-------+---------+---------+-------
